 Dungeon Crawl Stone Soup version 0.30.0-29-ga12c61a403 (webtiles) character file.

Game seed: 4413982969713658586

128 qw the Chopper (level 5, 0/32 HPs)
             Began as a Gargoyle Fighter on June 5, 2023.
             Slain by an orc priest
             ... wielding a +0 dagger
              (3 damage)
             ... on level 3 of the Dungeon.
             The game lasted 00:00:56 (1875 turns).

qw the Chopper (Gargoyle Fighter)                   Turns: 1875, Time: 00:00:56

Health: 0/32       AC: 10    Str: 21    XL:     5   Next: 12%
Magic:  5/5        EV:  9    Int:  9    God:
Gold:   99         SH:  4    Dex:  9    Spells: 4/4 levels left

rFire   . . .        Y - +0 war axe
rCold   . . .        c - +0 buckler
rNeg    + . .        b - +0 scale mail
rPois   inf          (no helmet)
rElec   +            (no cloak)
rCorr   .            (no gloves)
SInv    .            (no boots)
Will    .....        (no amulet) Stlth
                     (no ring)
HPRegen 0.25/turn    (no ring)
MPRegen 0.09/turn

%: no passive effects
@: flying
A: sickness immunity, AC +4, negative energy resistance 1, electricity
resistance, torment resistance 1, petrification resistance, big wings,
deterioration 1
a: no special abilities


You were on level 3 of the Dungeon.
You visited 1 branch of the dungeon, and saw 3 of its levels.

You collected 99 gold pieces.


Innate Abilities, Weirdness & Mutations

You are immune to sickness and miasma.
Your stone body is resilient. (AC +4)
You are immune to poison.
You resist negative energy. (rN+)
You are resistant to electric shocks. (rElec)
You are resistant to unholy torment.
You are immune to petrification.
Your large and strong wings let you fly.
Your body sometimes deteriorates upon taking damage.


   Skills:
 - Level 3.2 Fighting
 - Level 4.5 Axes
 + Level 0.6 Throwing
 - Level 3.2 Armour
 - Level 3.2 Shields


You had 4 spell levels left.
You didn't know any spells.
Your spell library was empty.

Inventory:

Hand Weapons
 e - a +0 mace
 Y - a +0 war axe (weapon)
Missiles
 f - 3 javelins (quivered)
Armour
 b - a +0 scale mail (worn)
 c - a +0 buckler (worn)
Scrolls
 h - 2 scrolls of identify
Potions
 d - 2 potions of might
 g - a potion of mutation
 k - 2 potions of curing
 l - a potion of cancellation
 m - a potion of resistance
 o - a potion of haste

Dungeon Overview and Level Annotations

Branches:
Dungeon (3/15)

Altars:


Message History

The goblin hits you with a +0 dagger. The orc hits you with a +0 short sword.
You hit the orc.
You kill the orc!
You hit the goblin. The goblin hits you with a +0 dagger.
You barely miss the goblin.
The goblin is severely wounded.
You closely miss the orc. The goblin hits you but does no damage.
You block the orc's attack.
You slash the goblin!
You kill the goblin!
You slash the orc!
You kill the orc!
The rat closely misses you.
You slash the rat!
You kill the rat!
You start resting.
An orc priest is nearby!
1870 ||| Stepping ~*~*~tactically~*~*~ (stealth).
The orc priest shouts!
You hit the orc priest but do no damage.
The orc priest invokes the aid of Beogh against you.
Pain shoots through your body!
You hit the orc priest.
The orc priest is lightly wounded.
An endoplasm comes into view.
The orc priest mumbles some strange prayers to Beogh against you.
Beogh smites you!
The orc priest mumbles some strange prayers to Beogh against you.
Beogh smites you!
The endoplasm quivers.
You hit the orc priest but do no damage.
The orc priest is lightly wounded.
The orc priest hits you but does no damage.
You closely miss the orc priest.
The orc priest is lightly wounded.
You hit the endoplasm.
The endoplasm hits you but does no damage.
The orc priest hits you with a +0 dagger.
You die...

#.# ..# #.######.#
##........#.#
########...##......#
...........##.######
########...##.####
#...##.<..#
#...#####.# #..@# #
#.Jo# #.......#
#...###.o.r .(...#
#o .##..## # #...
#..# #..


You could see an orc priest and an endoplasm.

Vanquished Creatures
  Jessica (D:2)
  3 adders (D:2)
  3 worms (D:2)
  2 dart slugs
  3 orcs
  7 endoplasms
  2 giant cockroaches (D:1)
  5 goblins
  4 hobgoblins
  6 quokkas
  7 ball pythons
  4 bats
  3 frilled lizards
  5 kobolds
  5 rats
60 creatures vanquished.

Notes
Turn   | Place    | Note
-------+----------+-------------------------------------------
     0 | D:1      | qw the Gargoyle Fighter began the quest for the Orb.
     0 | D:1      | Reached XP level 1. HP: 14/14 MP: 1/1
     0 | D:1      | 0 ||| qw: Version: 0.2-a-108-gee2c290
     0 | D:1      | 0 ||| qw: Game counter: 1384
     0 | D:1      | 0 ||| qw: Always use a shield: true
     0 | D:1      | 0 ||| qw: God list: Okawaru
     0 | D:1      | 0 ||| qw: Allow faded altars: false
     0 | D:1      | 0 ||| qw: Do Orc after D:15 true
     0 | D:1      | 0 ||| qw: Do second Lair branch before Depths: true
     0 | D:1      | 0 ||| qw: Lair rune preference: random
     0 | D:1      | 0 ||| qw: Plans: Normal, Zot:1-4, Slime:5, God:TSO, Crypt,
                  | Tomb, Abyss, Pan, Hells, Win
     0 | D:1      | 0 ||| PLANNING D:1-11
    90 | D:1      | Reached skill level 2 in Axes
   138 | D:1      | 138 ||| Stepping ~*~*~tactically~*~*~ (hiding).
   146 | D:1      | Reached XP level 2. HP: 19/19 MP: 2/2
   298 | D:1      | 298 ||| Stepping ~*~*~tactically~*~*~ (stealth).
   563 | D:1      | Reached skill level 3 in Axes
   579 | D:1      | Reached XP level 3. HP: 23/23 MP: 3/3
  1030 | D:1      | 1030 ||| READING scroll labelled BAUMUER VEULU.
  1033 | D:1      | 1033 ||| READING 2 scrolls labelled JOECAWKYENG.
  1034 | D:1      | 1034 ||| READING 3 scrolls labelled HUOTAK JATA.
  1035 | D:1      | 1035 ||| READING scroll labelled DEUJUA BEOTTA.
  1036 | D:1      | 1036 ||| READING scroll labelled TUHA JERADWIGG.
  1037 | D:1      | 1037 ||| DRINKING 2 fizzy sapphire potions.
  1038 | D:1      | 1038 ||| DROPPING scroll of blinking.
  1072 | D:2      | 1072 ||| DROPPING +0 club.
  1077 | D:2      | Noticed Jessica
  1078 | D:2      | 1078 ||| Stepping ~*~*~tactically~*~*~ (hiding).
  1079 | D:2      | 1079 ||| Stepping ~*~*~tactically~*~*~ (hiding).
  1088 | D:2      | Killed Jessica
  1089 | D:2      | Reached XP level 4. HP: 14/28 MP: 4/4
  1277 | D:2      | Reached skill level 4 in Axes
  1483 | D:2      | 1483 ||| Stepping ~*~*~tactically~*~*~ (stealth).
  1516 | D:2      | Reached XP level 5. HP: 28/32 MP: 5/5
  1584 | D:2      | 1584 ||| Stepping ~*~*~tactically~*~*~ (stealth).
  1820 | D:2      | 1820 ||| READING scroll labelled WUAGGUTATY.
  1821 | D:2      | 1821 ||| READING scroll labelled CAUSEA ITIUX.
  1822 | D:2      | 1822 ||| READING scroll labelled OCREMOOTUE.
  1823 | D:2      | 1823 ||| DRINKING 2 sedimented golden potions.
  1823 | D:2      | Gained mutation: Your body sometimes deteriorates upon
                  | taking damage. [potion of mutation]
  1823 | D:2      | Gained mutation: Your large and strong wings let you fly.
                  | [potion of mutation]
  1824 | D:2      | 1824 ||| DRINKING 2 red potions.
  1825 | D:2      | 1825 ||| READING 5 scrolls of identify.
  1825 | D:2      | 1825 ||| IDENTIFYING murky inky potion
  1826 | D:2      | 1826 ||| READING 4 scrolls of identify.
  1826 | D:2      | 1826 ||| IDENTIFYING lumpy dark potion
  1827 | D:2      | 1827 ||| READING 3 scrolls of identify.
  1827 | D:2      | 1827 ||| IDENTIFYING bubbling purple potion
  1828 | D:2      | 1828 ||| DROPPING potion of flight.
  1862 | D:3      | 1862 ||| Stepping ~*~*~tactically~*~*~ (stealth).
  1870 | D:3      | 1870 ||| Stepping ~*~*~tactically~*~*~ (stealth).
  1873 | D:3      | HP: 3/32 [orc priest/divine providence (10)]
  1875 | D:3      | Slain by an orc priest

Levels and vault maps discovered:
D:1:      wheals_arrival_shading, layout_basic, st_stairs_4
D:2:      minmay_spotlight, layout_basic, kennysheep_jessica_study
D:3:      layout_loops_ring, cheibrodos_ashenzari_chains, minmay_distorted

Skill      XL: |  1  2  3  4 |
---------------+-------------+-----
Axes           | 2 3 4 |  4.5
Fighting       | |  3.2
Throwing       | |  0.6
Armour         | |  3.2
Shields        | |  3.2

Action                     |  1- 3 |  4- 6 || total
---------------------------+-------+-------++-------
  Melee: War axe           |    43 |    77 ||   120
  Throw: Boomerang         |    37 |    20 ||    57
         Javelin           |       |     8 ||     8
    Use: Scroll            |     5 |     6 ||    11
         Potion            |     1 |     2 ||     3
 Armour: Scale mail        |    22 |    31 ||    53
  Dodge: Dodged            |    13 |    25 ||    38
  Block: Buckler           |     7 |    15 ||    22

Table legend:
 A = Non-vault XP
 B = Vault XP
 C = Vault XP percentage of total XP
 D = Non-vault monster count
 E = Vault monster count
 F = Vault count percentage of total count
                 A         B        C        D         E       F
            +---------+---------+-------+---------+---------+-------
      Total |     114 |      70 |  38.0 |      50 |      10 |  16.7
            +---------+---------+-------+---------+---------+-------
        D:1 |      44 |       3 |   6.4 |      25 |       2 |   7.4
        D:2 |      61 |      67 |  52.3 |      21 |       8 |  27.6
        D:3 |       9 |       0 |   0.0 |       4 |       0 |   0.0
            +---------+---------+-------+---------+---------+-------
